 Dungeon Crawl Stone Soup version 0.30-a0-1114-gd936c97349 (webtiles) character file.

Game seed: 11843709949323368119

65 FlurksSlurper the Sneak (level 3, 0/27 HPs)
             Began as a Demonspawn Brigand on Apr 21, 2023.
             Slain by a hound (5 damage)
             ... on level 4 of the Dungeon.
             The game lasted 00:03:25 (1724 turns).

FlurksSlurper the Sneak (Demonspawn Brigand)        Turns: 1724, Time: 00:03:25

Health: 0/27       AC:  8    Str: 11    XL:     3   Next: 92%
Magic:  7/7        EV: 10    Int: 14    God:
Gold:   143        SH:  5    Dex: 14    Spells: 8/8 levels left

rFire   . . .      SeeInvis .    a - +2 dagger
rCold   . . .      Faith    .    (no shield)
rNeg    . . .      Spirit   .    m - +0 ring mail
rPois   .          Reflect  +    (no helmet)
rElec   .          Rampage  .    v - +2 cloak
rCorr   .                        (no gloves)
Will    .....                    (no boots)
Stlth   ++                       b - amulet of reflection
HPRegen 0.24/turn                t - ring of wizardry
MPRegen 0.10/turn                (no ring)

@: no status effects
A: powered by death 1
a: no special abilities


You were on level 4 of the Dungeon.
You visited 1 branch of the dungeon, and saw 4 of its levels.

You collected 143 gold pieces.

Inventory:

Hand Weapons
 a - a +2 dagger (weapon)
Missiles
 d - 9 poisoned darts (quivered)
 e - 3 curare-tipped darts
Armour
 m - a +0 ring mail (worn)
 v - a +2 cloak (worn)
Jewellery
 b - an amulet of reflection (around neck)
 t - a ring of wizardry (left hand)
Scrolls
 f - a scroll of enchant armour {unknown}
 h - a scroll of immolation {unknown}
 o - a scroll of amnesia {unknown}
 p - 2 scrolls of blinking {unknown}
 q - 3 scrolls of identify {unknown}
 r - a scroll of teleportation {unknown}
 u - 2 scrolls of brand weapon {unknown}
Potions
 g - a potion of cancellation {unknown}
 i - 2 potions of mutation {unknown}
 j - 2 potions of berserk rage {unknown}
 k - a potion of attraction {unknown}
 l - 2 potions of curing {unknown}
 n - a potion of magic {unknown}
 s - 2 potions of flight {unknown}


   Skills:
 - Level 2.0 Fighting
 - Level 1.7 Short Blades
 - Level 1.7 Throwing
 - Level 0.8 Dodging
 - Level 3.7 Stealth
 + Level 3.2 Spellcasting


You had 8 spell levels left.
You didn't know any spells.
Your spell library contained the following spells:

 Spells                   Type           Power      Damage    Failure   Level
 Slow                     Hex            8%         N/A       21%         1
 Confusing Touch          Hex            2%         N/A       50%         3
 Gell's Gravitas          Tloc           2%         N/A       50%         3
 Teleport Other           Tloc           2%         N/A       50%         3
 Vampiric Draining        Necr           2%         2d6       50%         3
 Dispersal                Tloc           1%         N/A       100%        6


Dungeon Overview and Level Annotations

Branches:
Dungeon (4/15)
 Temple: D:4-7

Altars:

Annotations:
D:2 Sigmund


Innate Abilities, Weirdness & Mutations

You regenerate a little health from kills.


Message History

The hound bites you but does no damage.
You barely miss the hound.
The hound is lightly wounded.
The hound barely misses you.
You closely miss the hound.
The hound is lightly wounded.
The hound bites you but does no damage. The hound bites you.
You closely miss the hound.
The hound is lightly wounded.
You block the hound's attack.
You hit the hound but do no damage.
The hound is lightly wounded.
The hound bites you but does no damage.
You hit the hound.
The hound is moderately wounded.
The hound bites you but does no damage. The hound bites you.
You miss the hound.
The hound is lightly wounded.
The hound barely misses you.
You closely miss the hound.
The hound is lightly wounded.
The hound bites you but does no damage. The hound bites you.
You hit the hound.
The hound is moderately wounded.
The hound bites you but does no damage.
You closely miss the hound.
The hound is moderately wounded.
The hound bites you.
* * * LOW HITPOINT WARNING * * *
The hound barely misses you.
You barely miss the hound.
The hound is moderately wounded.
The hound bites you but does no damage.
You closely miss the hound.
The hound is moderately wounded.
You block the hound's attack.
You miss the hound.
The hound is moderately wounded.
The hound bites you but does no damage. The hound bites you.
You die...

#######........
#..............
#............?.
#..............
#..............
#..............
#..............
#......@.......
#......h.......
#......†.......
#..........:...
#..............
#..........#+##
#..........#
#..........#
#..........#


You could see a hound.

Vanquished Creatures
  2 adders
  2 orcs (D:3)
  3 ball pythons
  6 bats
  5 endoplasms
  A giant cockroach (D:1)
  8 hobgoblins
  3 jackals (D:3)
  2 frilled lizards
  3 kobolds
  6 rats
41 creatures vanquished.

Notes
Turn   | Place    | Note
-------+----------+-------------------------------------------
     0 | D:1      | FlurksSlurper the Demonspawn Brigand began the quest for
                  | the Orb.
     0 | D:1      | Reached XP level 1. HP: 16/16 MP: 1/1
   140 | D:1      | Reached skill level 1 in Spellcasting
   180 | D:1      | Gained mutation: You regenerate a little health from kills.
                  | [demonic ancestry]
   180 | D:1      | Reached XP level 2. HP: 15/22 MP: 3/3
   923 | D:2      | Reached XP level 3. HP: 27/27 MP: 6/6
   978 | D:2      | Noticed Sigmund
  1724 | D:4      | Slain by a hound

Illustrated notes

Levels and vault maps discovered:
D:1:      amcnicky_arrival_single_pillar, layout_basic
D:2:      layout_loops_ring, serial_bayou_lagoon_a, uniq_sigmund
D:3:      layout_rooms
D:4:      layout_gridville, nicolae_gozag_seed_capital, gammafunk_ghost_split,
          grunt_ministairs_14, kennysheep_generic_room_2

Skill      XL: |  1  2  3 |
---------------+----------+-----
Spellcasting   | 1 2 3 |  3.2
Fighting       | |  2.0
Short Blades   | |  1.7
Throwing       | |  1.7
Dodging        | |  0.8
Stealth        | |  3.7

Action                     || total
---------------------------++-------
  Melee: Dagger            ||   176
   Stab: Sleeping          ||     6
 Armour: Robe              ||     3
         Ring mail         ||    79
  Dodge: Dodged            ||    93
  Block: Other             ||    17

Table legend: (Time is in decaauts)
 A = Elapsed time spent in this place.
 B = Non-inter-level travel time spent in this place.
 C = Inter-level travel time spent in this place.
 D = Time resting spent in this place.
 E = Time spent auto-exploring this place.
 F = Levels seen in this place.
 G = Mean time per level.
                   A        B        C        D        E       F      G
               +--------+--------+--------+--------+--------+-----+--------+
         Total |   1708 |   1640 |     68 |      5 |   1155 |   4 |  427.0 |
       Dungeon |   1708 |   1640 |     68 |      5 |   1155 |   4 |  427.0 |
               +--------+--------+--------+--------+--------+-----+--------+

Top non-repeatable levels by time:
     D:1: 832 daAuts
     D:3: 683 daAuts
     D:2: 143 daAuts
     D:4: 49 daAuts
